TOP OF THE 1ST |
---|
Rio Grande Rattlesnake batting - Pitching for Intercourse Amish : RHP Sixto Santiago | Pitching: RHP Sixto Santiago | | Batting: RHB Jaime Delgado | 0-0: Ball 1-0: Foul Ball, location: 2F 1-1: Ground out 6-3 (Groundball, 6) | Batting: LHB Pedro Díaz | 0-0: Ground out 6-3 (Groundball, 6M) | Batting: LHB Justin Holland | 0-0: Ball 1-0: SINGLE (Line Drive, 4MD) | Batting: RHB Gary Thomas | 0-0: Foul Ball, location: 2F 0-1: Ball 1-1: Swinging Strike 1-2: Strikes out swinging | Top of the 1st over - 0 runs, 1 hit, 0 errors, 1 left on base; Rio Grande 0 - Intercourse 0 | BOTTOM OF THE 1ST |
---|
Intercourse Amish batting - Pitching for Rio Grande Rattlesnake : RHP Alejandro Guzmán | Pitching: RHP Alejandro Guzmán | | Batting: RHB Pablo Díaz | 0-0: Ball 1-0: Ball 2-0: Foul Ball, location: 2F 2-1: Ball 3-1: Base on Balls | Batting: LHB Jesús Rojas | 0-0: Ball 1-0: Called Strike 1-1: Swinging Strike 1-2: Fly out, F4 (Popup, 34D) | Batting: SHB Ralph Robison | 0-0: Called Strike 0-1: SINGLE (Groundball, 34D) Pablo Díaz to second Runner from 2nd tries for 3rd, SAFE, no throw | Batting: LHB Dave Reynolds | 0-0: Ball 1-0: Called Strike 1-1: Ball 2-1: 3-RUN HOME RUN (Flyball, 78XD), Distance : 405 ft | Batting: RHB Mitsuoki Taguchi | 0-0: Foul Ball, location: 2F 0-1: Ball 1-1: Ball 2-1: SINGLE (Line Drive, 4D) | Batting: RHB Juan Estrada | 0-0: Called Strike 0-1: Swinging Strike 0-2: Ball 1-2: Ball 2-2: Fly out, F8 (Line Drive, 78M) | Batting: LHB Bruce Foster | 0-0: Fielders Choice at 2nd, 5-4 (Groundball, 56) | Bottom of the 1st over - 3 runs, 3 hits, 0 errors, 1 left on base; Rio Grande 0 - Intercourse 3 | TOP OF THE 2ND |
---|
Rio Grande Rattlesnake batting - Pitching for Intercourse Amish : RHP Sixto Santiago | Batting: SHB Arnold Moore | 0-0: Called Strike 0-1: Ball 1-1: SINGLE (Line Drive, 4M) | Batting: RHB Alejandro Ramos | 0-0: Called Strike 0-1: DOUBLE (Line Drive, 7LD) Arnold Moore to third | Batting: RHB Paul Martin | 0-0: Ball 1-0: Ball 2-0: Ground out 6-3 (Groundball, 6) Arnold Moore scores | Batting: SHB Jeremy Holmes | 0-0: Ball 1-0: Called Strike 1-1: Foul Ball, location: 2F 1-2: Strikes out swinging | Batting: LHB Alberto Roberts | 0-0: Ball 1-0: Ball 2-0: SINGLE (Groundball, 6MD) Alejandro Ramos to third Runner from 3rd tries for Home, SAFE, no throw | Batting: RHB Jaime Delgado | 0-0: DOUBLE (Line Drive, 9LM) Alberto Roberts to third Runner from 3rd tries for Home, SAFE, no throw | Batting: LHB Pedro Díaz | 0-0: Called Strike 0-1: Foul Ball, location: 2F 0-2: Strikes out looking | Top of the 2nd over - 3 runs, 4 hits, 0 errors, 1 left on base; Rio Grande 3 - Intercourse 3 | BOTTOM OF THE 2ND |
---|
Intercourse Amish batting - Pitching for Rio Grande Rattlesnake : RHP Alejandro Guzmán | Batting: LHB Tony O'Bryan | 0-0: Swinging Strike 0-1: Foul Ball, location: 2F 0-2: Ball 1-2: Ball 2-2: Ball 3-2: Fly out, F7 (Flyball, 7D) | Batting: RHB John Jones | 0-0: Ground out 6-3 (Groundball, 6S) | Batting: RHB Pablo Díaz | 0-0: Ball 1-0: SINGLE (Line Drive, 56) | Batting: LHB Jesús Rojas | 0-0: Hit by Pitch Pablo Díaz to second | Batting: SHB Ralph Robison | 0-0: Fielders Choice at 2nd, 6-4 (Groundball, 6) | Bottom of the 2nd over - 0 runs, 1 hit, 0 errors, 2 left on base; Rio Grande 3 - Intercourse 3 | TOP OF THE 3RD |
---|
Rio Grande Rattlesnake batting - Pitching for Intercourse Amish : RHP Sixto Santiago | Batting: LHB Justin Holland | 0-0: Called Strike 0-1: Foul Ball, location: 2F 0-2: Foul Ball, location: 2F 0-2: Ball 1-2: Foul Ball, location: 2F 1-2: Ground out 6-3 (Groundball, 56D) | Batting: RHB Gary Thomas | 0-0: Ball 1-0: Ball 2-0: Ball 3-0: Base on Balls | Pitching: RHP António Castaneda | | Batting: SHB Arnold Moore | 0-0: Called Strike 0-1: Fly out, F8 (Flyball, 8LXD) | Batting: RHB Alejandro Ramos | 0-0: Called Strike 0-1: Ball 1-1: Swinging Strike 1-2: Ball 2-2: Foul Ball, location: 2F 2-2: Foul Ball, location: 2F 2-2: Strikes out swinging, 2-3 out at first. | Top of the 3rd over - 0 runs, 0 hits, 0 errors, 1 left on base; Rio Grande 3 - Intercourse 3 | BOTTOM OF THE 3RD |
---|
Intercourse Amish batting - Pitching for Rio Grande Rattlesnake : RHP Alejandro Guzmán | Batting: LHB Dave Reynolds | 0-0: Ball 1-0: Foul Ball, location: 2F 1-1: Ball 2-1: Ball 3-1: DOUBLE (Line Drive, 7LS) | Batting: RHB Mitsuoki Taguchi | 0-0: Called Strike 0-1: SINGLE (Groundball, 34D) Dave Reynolds to third Runner from 3rd tries for Home, SAFE, no throw | Batting: RHB Juan Estrada | 0-0: Foul Ball, location: 2F 0-1: Ball 1-1: Foul Ball, location: 2F 1-2: Ball 2-2: Foul Ball, location: 2F 2-2: Ball 3-2: Foul Ball, location: 2F 3-2: Strikes out looking Mitsuoki Taguchi steals 2nd base Batter strikes out. | Batting: LHB Bruce Foster | 0-0: Ball 1-0: Ball 2-0: Foul Ball, location: 2F 2-1: Called Strike 2-2: Ground out U3 (Groundball, 34) Mitsuoki Taguchi to third | Batting: LHB Tony O'Bryan | 0-0: Ball 1-0: Ball 2-0: Ball 3-0: Base on Balls | Batting: RHB John Jones | 0-0: Foul Ball, location: 2F 0-1: Ball 1-1: Ball 2-1: Foul Ball, location: 2F 2-2: Fly out, F3 (Popup, 3SF) | Bottom of the 3rd over - 1 run, 2 hits, 0 errors, 2 left on base; Rio Grande 3 - Intercourse 4 | TOP OF THE 4TH |
---|
Rio Grande Rattlesnake batting - Pitching for Intercourse Amish : RHP António Castaneda | Batting: RHB Paul Martin | 0-0: Ball 1-0: Ball 2-0: Called Strike 2-1: Foul Ball, location: 2F 2-2: Foul Ball, location: 2F 2-2: Foul Ball, location: 2F 2-2: Ball 3-2: Strikes out swinging | Batting: SHB Jeremy Holmes | 0-0: Ground out 4-3 (Groundball, 4) | Batting: LHB Alberto Roberts | 0-0: Ball 1-0: Ball 2-0: Ball 3-0: Called Strike 3-1: Foul Ball, location: 2F 3-2: Foul Ball, location: 2F 3-2: Fly out, F9 (Flyball, 89M) | Top of the 4th over - 0 runs, 0 hits, 0 errors, 0 left on base; Rio Grande 3 - Intercourse 4 | BOTTOM OF THE 4TH |
---|
Intercourse Amish batting - Pitching for Rio Grande Rattlesnake : RHP Alejandro Guzmán | Batting: RHB Pablo Díaz | 0-0: Called Strike 0-1: Foul Ball, location: 2F 0-2: Ball 1-2: Ground out 6-3 (Groundball, 56) | Batting: LHB Jesús Rojas | 0-0: Foul Ball, location: 2F 0-1: Foul Ball, location: 2F 0-2: Ball 1-2: SINGLE (Groundball, 34D) | Batting: SHB Ralph Robison | 0-0: Ball 1-0: Ball 2-0: Called Strike 2-1: Called Strike 2-2: Strikes out looking | Batting: LHB Dave Reynolds | 0-0: Ball 1-0: Ball 2-0: Ball 3-0: Base on Balls Jesús Rojas to second | Batting: RHB Mitsuoki Taguchi | 0-0: Called Strike 0-1: Ball 1-1: Called Strike 1-2: Strikes out swinging | Bottom of the 4th over - 0 runs, 1 hit, 0 errors, 2 left on base; Rio Grande 3 - Intercourse 4 | TOP OF THE 5TH |
---|
Rio Grande Rattlesnake batting - Pitching for Intercourse Amish : RHP António Castaneda | Batting: RHB Jaime Delgado | 0-0: Ball 1-0: Ball 2-0: Ground out 4-3 (Groundball, 4M) | Batting: LHB Pedro Díaz | 0-0: Swinging Strike 0-1: Ball 1-1: Called Strike 1-2: Ball 2-2: SINGLE (Groundball, 4S) (infield hit) | Batting: LHB Justin Holland | 0-0: Ball 1-0: Called Strike 1-1: SINGLE (Flyball, 9LS) Pedro Díaz to second Runner from 2nd tries for 3rd, SAFE, no throw | Batting: RHB Gary Thomas | 0-0: Called Strike 0-1: Ball 1-1: Foul Ball, location: 2F 1-2: Strikes out swinging | Batting: SHB Arnold Moore | 0-0: Fielders Choice at 2nd, 5-4 (Groundball, 56) | Top of the 5th over - 0 runs, 2 hits, 0 errors, 2 left on base; Rio Grande 3 - Intercourse 4 | BOTTOM OF THE 5TH |
---|
Intercourse Amish batting - Pitching for Rio Grande Rattlesnake : RHP Alejandro Guzmán | Batting: RHB Juan Estrada | 0-0: Foul Ball, location: 2F 0-1: Fly out, F9 (Flyball, 9LS) | Batting: LHB Bruce Foster | 0-0: Ground out 5-3 (Groundball, 5) | Batting: LHB Tony O'Bryan | 0-0: Ball 1-0: Ball 2-0: Ball 3-0: Base on Balls | Batting: RHB John Jones | 0-0: Ball 1-0: Ball 2-0: 2-RUN HOME RUN (Flyball, 9D), Distance : 399 ft | Pitching: RHP Nelson Britt | | Batting: RHB Pablo Díaz | 0-0: Ball 1-0: Ball 2-0: Ball 3-0: Base on Balls | Batting: LHB Jesús Rojas | 0-0: Fly out, F9 (Flyball, 9S) | Bottom of the 5th over - 2 runs, 1 hit, 0 errors, 1 left on base; Rio Grande 3 - Intercourse 6 | TOP OF THE 6TH |
---|
Rio Grande Rattlesnake batting - Pitching for Intercourse Amish : RHP António Castaneda | Batting: RHB Alejandro Ramos | 0-0: Ground out 6-3 (Groundball, 6) | Batting: RHB Paul Martin | 0-0: Ball 1-0: Swinging Strike 1-1: Called Strike 1-2: Foul Ball, location: 2F 1-2: Strikes out swinging | Batting: SHB Jeremy Holmes | 0-0: Called Strike 0-1: Foul Ball, location: 2F 0-2: Ground out 4-3 (Groundball, 34) | Top of the 6th over - 0 runs, 0 hits, 0 errors, 0 left on base; Rio Grande 3 - Intercourse 6 | BOTTOM OF THE 6TH |
---|
Intercourse Amish batting - Pitching for Rio Grande Rattlesnake : RHP Nelson Britt | Batting: SHB Ralph Robison | 0-0: DOUBLE (Line Drive, 78S) | Batting: LHB Dave Reynolds | 0-0: Called Strike 0-1: Ball 1-1: Ball 2-1: Ball 3-1: Base on Balls | Batting: RHB Mitsuoki Taguchi | 0-0: Foul Ball, location: 2F 0-1: Ball 1-1: Called Strike 1-2: Foul Ball, location: 2F 1-2: Ball 2-2: Foul Ball, location: 2F 2-2: Fly out, F8 (Flyball, 8LM) | Batting: RHB Juan Estrada | 0-0: Called Strike 0-1: Fly out, F7 (Flyball, 78D) | Batting: LHB Bruce Foster | 0-0: Called Strike 0-1: Ball 1-1: Ball Passed Ball! Ralph Robison to third Dave Reynolds to second 2-1: SINGLE (Line Drive, 34D) Ralph Robison scores Dave Reynolds to third | Batting: LHB Tony O'Bryan | 0-0: Ball 1-0: DOUBLE (Line Drive, 9LM) Dave Reynolds scores Bruce Foster to third Runner from 3rd tries for Home, SAFE, no throw | Pitching: RHP Gilberto Delgado | | Batting: RHB John Jones | 0-0: Called Strike 0-1: Ball 1-1: Ball 2-1: SINGLE (Line Drive, 9S) Tony O'Bryan to third Runner from 3rd tries for Home, SAFE, no throw | Batting: RHB Pablo Díaz | 0-0: Foul Ball, location: 2F 0-1: Called Strike 0-2: SINGLE (Groundball, 56D) John Jones to second | Batting: LHB Jesús Rojas | 0-0: Ball 1-0: Ball 2-0: Called Strike 2-1: Foul Ball, location: 2F 2-2: Strikes out swinging | Bottom of the 6th over - 4 runs, 5 hits, 0 errors, 2 left on base; Rio Grande 3 - Intercourse 10 | TOP OF THE 7TH |
---|
Rio Grande Rattlesnake batting - Pitching for Intercourse Amish : RHP António Castaneda | Pitching: RHP Jeremiah Moran | | Batting: LHB Alberto Roberts | 0-0: Called Strike 0-1: Called Strike 0-2: Ball 1-2: Ball 2-2: Strikes out swinging | Batting: RHB Jaime Delgado | 0-0: Ball 1-0: Ball 2-0: Ball 3-0: Called Strike 3-1: Base on Balls | Batting: LHB Pedro Díaz | 0-0: Ball 1-0: Called Strike Jaime Delgado steals 2nd base 1-1: Ball 2-1: Fly out, F8 (Flyball, 8RS) | Batting: LHB Justin Holland | 0-0: Foul Ball, location: 2F 0-1: Swinging Strike 0-2: Foul Ball, location: 2F 0-2: Foul Ball, location: 2F 0-2: Ball 1-2: Ground out 1-3 (Groundball, 15) | Top of the 7th over - 0 runs, 0 hits, 0 errors, 1 left on base; Rio Grande 3 - Intercourse 10 | BOTTOM OF THE 7TH |
---|
Intercourse Amish batting - Pitching for Rio Grande Rattlesnake : RHP Gilberto Delgado | Batting: SHB Ralph Robison | 0-0: Called Strike 0-1: Ball 1-1: Ball 2-1: Swinging Strike 2-2: Strikes out swinging | Batting: LHB Dave Reynolds | 0-0: Ball 1-0: Ground out 6-3 (Groundball, 6) | Batting: RHB Mitsuoki Taguchi | 0-0: Called Strike 0-1: Foul Ball, location: 2F 0-2: Strikes out swinging | Bottom of the 7th over - 0 runs, 0 hits, 0 errors, 0 left on base; Rio Grande 3 - Intercourse 10 | TOP OF THE 8TH |
---|
Rio Grande Rattlesnake batting - Pitching for Intercourse Amish : RHP Jeremiah Moran | Now at C: Roberto Solís | | Batting: RHB Gary Thomas | 0-0: Called Strike 0-1: Ball 1-1: Ball 2-1: SINGLE (Groundball, 56D) | Batting: SHB Arnold Moore | 0-0: Ball 1-0: Foul Ball, location: 2F 1-1: Foul Ball, location: 2F 1-2: Strikes out swinging | Batting: RHB Alejandro Ramos | 0-0: SINGLE (Line Drive, 7S) Gary Thomas to second | Batting: RHB Paul Martin | 0-0: Called Strike 0-1: Foul Ball, location: 2F 0-2: Strikes out looking | Batting: SHB Jeremy Holmes | 0-0: Ball 1-0: Called Strike 1-1: Called Strike 1-2: Strikes out looking | Top of the 8th over - 0 runs, 2 hits, 0 errors, 2 left on base; Rio Grande 3 - Intercourse 10 | BOTTOM OF THE 8TH |
---|
Intercourse Amish batting - Pitching for Rio Grande Rattlesnake : RHP Gilberto Delgado | Batting: RHB Juan Estrada | 0-0: Ball 1-0: Ball 2-0: Called Strike 2-1: Ball 3-1: Base on Balls | Batting: LHB Bruce Foster | 0-0: Called Strike 0-1: Swinging Strike 0-2: Ball 1-2: DOUBLE (Line Drive, 7LM) Juan Estrada to third Runner from 3rd tries for Home, SAFE, no throw | Batting: LHB Tony O'Bryan | 0-0: Foul Ball, location: 2F 0-1: Ground out 4-3 (Groundball, 4) Bruce Foster to third | Batting: RHB John Jones | 0-0: Swinging Strike 0-1: Ball 1-1: Ball 2-1: Ground out 4-3 (Groundball, 34) Bruce Foster scores | Batting: RHB Pablo Díaz | 0-0: Called Strike 0-1: Swinging Strike 0-2: Ball 1-2: Strikes out looking | Bottom of the 8th over - 2 runs, 1 hit, 0 errors, 0 left on base; Rio Grande 3 - Intercourse 12 | TOP OF THE 9TH |
---|
Rio Grande Rattlesnake batting - Pitching for Intercourse Amish : RHP Jeremiah Moran | Now at 3B: Joe Zapata | | Batting: LHB Alberto Roberts | 0-0: Ball 1-0: Fly out, F8 (Line Drive, 8RS) | Batting: RHB Jaime Delgado | 0-0: Ball 1-0: Foul Ball, location: 2F 1-1: Ball 2-1: Fly out, F8 (Flyball, 8RM) | Batting: LHB Pedro Díaz | 0-0: Ball 1-0: Foul Ball, location: 2F 1-1: Ball 2-1: Ball 3-1: Swinging Strike 3-2: Base on Balls | Batting: LHB Justin Holland | 0-0: Ball 1-0: Foul Ball, location: 2F 1-1: SINGLE (Flyball, 78S) Pedro Díaz to second | Batting: RHB Gary Thomas | 0-0: Ball 1-0: DOUBLE (Flyball, 89D) Pedro Díaz scores Justin Holland to third | Batting: SHB Arnold Moore | 0-0: Ball 1-0: Foul Ball, location: 2F 1-1: Foul Ball, location: 2F 1-2: Foul Ball, location: 2F 1-2: Ball 2-2: SINGLE (Flyball, 56D) Justin Holland scores Gary Thomas to third | Batting: RHB Alejandro Ramos | 0-0: Foul Ball, location: 2F 0-1: Swinging Strike 0-2: DOUBLE (Flyball, 8RXD) Gary Thomas scores Arnold Moore to third | Batting: RHB Paul Martin | 0-0: Ball 1-0: Ball 2-0: Ball 3-0: Called Strike 3-1: Base on Balls | Batting: SHB Jeremy Holmes | 0-0: Fly out, F9 (Line Drive, 89M) | Top of the 9th over - 3 runs, 4 hits, 0 errors, 3 left on base; Rio Grande 6 - Intercourse 12 | |